 Dungeon Crawl Stone Soup version 0.26.1-11-gd32895ea62 (webtiles) character file.

Game seed: 8660055111590657387

11221 dtburroughs the Cleaver (level 11, -9/148 HPs)
             Began as a Minotaur Berserker on July 3, 2021.
             Was a High Priest of Trog.
             Mangled by a boulder beetle (23 damage)
             ... on level 11 of the Dungeon.
             The game lasted 00:30:49 (12963 turns).

dtburroughs the Cleaver (Minotaur Berserker)       Turns: 12963, Time: 00:30:49

Health: -9/148     AC: 18    Str: 22    XL:     11   Next: 46%
Magic:  19/19      EV: 10    Int:  7    God:    Trog [*****.]
Gold:   806        SH: 11    Dex: 10    Spells: 10/10 levels left

rFire    + . .     SeeInvis +   O - +0 broad axe
rCold    . . .     Faith    +   l - +0 kite shield
rNeg     . . .     Spirit   .   k - +3 chain mail {rF+}
rPois    .         Reflect  .   (helmet restricted)
rElec    +         Harm     .   y - +0 cloak
rCorr    .         Rampage  .   S - +0 pair of gloves of Sunlight {rElec}
Will     .....                  I - +0 pair of boots
Stlth    ..........             d - amulet of faith
HPRegen  0.34/turn              P - ring of magical power
MPRegen  0.16/turn              V - ring of see invisible

@: berserking, very quick
A: retaliatory headbutt, horns 2
a: Renounce Religion, Berserk, Trog's Hand, Brothers in Arms


You were on level 11 of the Dungeon.
You worshipped Trog.
Trog was extremely pleased with you.
You visited 1 branch of the dungeon, and saw 11 of its levels.
You also visited: Ossuary.

You collected 806 gold pieces.

Inventory:

Hand Weapons
 r - a +2 hand axe of electrocution
 x - a +2 flail of protection
 O - a +0 broad axe (weapon)
Armour
 k - a +3 chain mail of fire resistance (worn)
 l - a +0 kite shield (worn)
 s - a scarf of shadows
 y - a +0 cloak (worn)
 G - +0 acid dragon scales
 I - a +0 pair of boots (worn)
 K - a +1 cloak
 S - the +0 pair of gloves of Sunlight (worn) {rElec}
   (You found it on level 7 of the Dungeon)

   It insulates you from electricity.
Jewellery
 d - an amulet of faith (around neck)
 g - an uncursed ring of stealth {unknown}
 q - an uncursed ring of fire
 P - a ring of magical power (left hand)
 T - an uncursed amulet of regeneration
 V - a ring of see invisible (right hand)
Wands
 n - a wand of digging (1)
 v - a wand of polymorph (2)
 w - a wand of iceblast (39)
 B - a wand of flame (26)
 C - a wand of disintegration (9)
 R - a wand of paralysis (7)
 W - a wand of acid (13)
Scrolls
 e - 5 scrolls of immolation
 j - a scroll of torment {unknown}
 m - a scroll of fear {unknown}
 p - 2 scrolls of magic mapping {unknown}
 u - 6 scrolls of enchant weapon
 D - 3 scrolls of remove curse
 F - 3 scrolls of enchant armour
 H - 6 scrolls of teleportation
 U - a scroll of acquirement {unknown}
Potions
 a - a potion of attraction {unknown}
 b - 2 potions of resistance {unknown}
 c - 2 potions of heal wounds
 f - 2 potions of ambrosia {unknown}
 h - 4 potions of curing {unknown}
 i - a potion of might {unknown}
 o - 6 potions of flight
 z - 2 potions of lignification {unknown}
 A - a potion of brilliance {unknown}
 E - a potion of degeneration {unknown}
 J - a potion of magic {unknown}
 L - 2 potions of invisibility {unknown}
 M - 3 potions of haste
 N - 3 potions of mutation
Miscellaneous
 t - a condenser vane


   Skills:
 + Level 9.9 Fighting
 + Level 10.0 Axes
 + Level 9.6 Armour
 + Level 8.9 Dodging
 + Level 8.9 Shields
 + Level 5.5 Evocations


You had 10 spell levels left.
You didn't know any spells.
Your spell library was empty.

Dungeon Overview and Level Annotations

Branches:
Dungeon (11/15)            Temple (0/1) D:4            Lair (0/6) D:10
    Orc (0/2) D:9         Ossuary (visited)

Altars:
Ashenzari
Elyvilon
Gozag
Makhleb
Nemelex Xobeh
Qazlal
Trog
Uskayaw
Vehumet
Yredelemnul
Zin
The Shining One


Innate Abilities, Weirdness & Mutations

You reflexively headbutt those who attack you in melee.
You have a pair of horns on your head.


Message History

The boulder beetle barely misses you.
You hit the boulder beetle but do no damage.
You headbutt the boulder beetle, but do no damage.
The boulder beetle is moderately wounded.
The boulder beetle bites you but does no damage.
A red film seems to cover your vision as you go berserk!
You feel yourself moving faster!
You feel mighty! The boulder beetle bites you!
* * * LOW HITPOINT WARNING * * *
You slice the boulder beetle!!
The boulder beetle is heavily wounded.
The boulder beetle bites you!
* * * LOW HITPOINT WARNING * * *
You hit the boulder beetle but do no damage.
You headbutt the boulder beetle, but do no damage.
The boulder beetle is heavily wounded.
You hit the boulder beetle but do no damage.
You headbutt the boulder beetle, but do no damage.
The boulder beetle is heavily wounded.
The boulder beetle bites you!!
You die...

....#.#....#
...........#
....#.#....#
...........#
(.'.......#
#.......#
####.......#
...#..B@...#
...'.......#
...#.......#
. #.......#
#.......#
#.......#
###+#.......#
#...#.......#
#..<#.......#


You could see a boulder beetle.

Vanquished Creatures
  A two-headed ogre (D:10)
  Pikel (D:4)
  2 ugly things (D:11)
  A cyclops (D:11)
  Maurice (D:10)
  2 komodo dragons
  Sigmund (D:3)
  3 yaks (D:10)
  2 vampires
  2 two-headed ogre zombies (D:9)
  An acid dragon (D:11)
  2 water moccasins (D:9)
  6 sky beasts
  A necrophage (D:6)
  4 ice beasts
  4 orc warriors
  3 black bears
  2 phantoms (D:9)
  An eye of draining (D:10)
  3 ogres
  4 centaurs
  2 big kobolds
  4 lemures (D:4)
  7 bullfrogs
  2 troll zombies (D:9)
  13 scorpions
  8 wights
  2 howler monkeys (D:4)
  2 centaur zombies
  2 jellies
  3 human zombies (Ossuary)
  7 hounds
  Crazy Yiuf (D:3)
  6 orc priests
  2 bullfrog skeletons
  A centaur skeleton (D:9)
  3 iguanas
  Jessica (D:3)
  Ijyb (D:3)
  Terence (D:2)
  7 orc wizards
  6 worker ants
  4 ogre zombies (D:9)
  3 big kobold zombies (Ossuary)
  4 mummies
  A howler monkey zombie (D:6)
  14 adders
  2 howler monkey skeletons
  3 scorpion zombies (Ossuary)
  A shadow imp (D:6)
  2 white imps
  An ufetubus (D:9)
  An ooze (D:1)
  An adder skeleton (D:4)
  4 worms
  A dart slug (D:2)
  6 leopard geckos
  34 orcs
  7 giant cockroaches
  A gnoll zombie (Ossuary)
  7 goblins
  11 hobgoblins
  12 jackals
  2 quokkas
  3 ball pythons
  9 bats
  7 frilled lizards
  4 goblin zombies
  A hobgoblin skeleton (D:9)
  7 hobgoblin zombies
  A jackal skeleton (D:6)
  13 kobolds
  2 kobold zombies (Ossuary)
  2 orc skeletons (D:9)
  17 orc zombies
  8 rats
324 creatures vanquished.

Vanquished Creatures (collateral kills)
  3 lindwurms (D:9)
3 creatures vanquished.

Vanquished Creatures (others)
  4 kobolds (D:7)
  16 fungi (D:10)
  62 plants
82 creatures vanquished.

Grand Total: 409 creatures vanquished

Notes
Turn   | Place    | Note
-------+----------+-------------------------------------------
     0 | D:1      | dtburroughs the Minotaur Berserker began the quest for the
                  | Orb.
     0 | D:1      | Reached XP level 1. HP: 19/19 MP: 0/0
    19 | D:1      | Noticed an anaconda
    19 | D:1      | Noticed a lindwurm
    20 | D:1      | Noticed a snapping turtle
    20 | D:1      | Noticed a wyvern
   192 | D:1      | Reached XP level 2. HP: 27/27 MP: 1/1
   215 | D:1      | Reached skill level 4 in Axes
   288 | D:1      | Reached XP level 3. HP: 15/33 MP: 2/2
   770 | D:2      | Reached ** piety under Trog
   941 | D:2      | Noticed Terence
   951 | D:2      | Killed Terence
   952 | D:2      | Reached XP level 4. HP: 34/40 MP: 3/3
  1342 | D:2      | Found an opulent altar of Gozag.
  1621 | D:2      | Found a glowing silver altar of Zin.
  1717 | D:3      | Reached skill level 1 in Shields
  1727 | D:3      | Reached XP level 5. HP: 47/47 MP: 4/4
  1980 | D:3      | Found a white marble altar of Elyvilon.
  2207 | D:3      | Noticed Jessica
  2208 | D:3      | Noticed Ijyb
  2219 | D:3      | Killed Ijyb
  2220 | D:3      | Reached XP level 6. HP: 48/55 MP: 5/5
  2223 | D:3      | Reached skill level 5 in Fighting
  2223 | D:3      | Reached skill level 5 in Axes
  2294 | D:3      | Reached *** piety under Trog
  2302 | D:3      | Killed Jessica
  2409 | D:3      | Found a runed translucent door.
  2410 | D:3      | Noticed Crazy Yiuf
  2426 | D:3      | Noticed Sigmund
  2437 | D:3      | Killed Sigmund
  2599 | D:3      | Killed Crazy Yiuf
  2600 | D:3      | Reached XP level 7. HP: 55/61 MP: 6/6
  2845 | D:4      | Found a burning altar of Makhleb.
  2872 | D:4      | Got a ruby-encrusted leather armour
  2940 | D:4      | Reached skill level 5 in Armour
  3058 | D:4      | Found a staircase to the Ecumenical Temple.
  3173 | D:4      | Noticed Pikel
  3183 | D:4      | Reached **** piety under Trog
  3186 | D:4      | Killed Pikel
  3187 | D:4      | Reached skill level 6 in Axes
  3187 | D:4      | Reached skill level 5 in Dodging
  3187 | D:4      | Reached XP level 8. HP: 55/71 MP: 7/7
  3474 | D:5      | Entered Level 5 of the Dungeon
  3702 | D:5      | Found a broken altar of Ashenzari.
  3704 | D:5      | Found a radiant altar of Vehumet.
  3803 | D:5      | Found a stormy altar of Qazlal.
  3806 | D:5      | Found a hide-covered altar of Uskayaw.
  3810 | D:5      | Reached skill level 1 in Evocations
  4259 | D:6      | Reached skill level 5 in Shields
  4307 | D:6      | Reached skill level 7 in Axes
  4386 | D:6      | Found a sand-covered staircase.
  4397 | Ossuary  | Entered an ossuary
  4522 | Ossuary  | Reached XP level 9. HP: 79/79 MP: 8/8
  4648 | Ossuary  | Reached ***** piety under Trog
  5020 | D:6      | Received a gift from Trog
  5758 | D:7      | Reached skill level 8 in Axes
  5795 | D:7      | Found a bloodstained altar of Trog.
  5942 | D:7      | Got a pair of faintly humming gloves
  6188 | D:7      | Reached XP level 10. HP: 75/88 MP: 9/9
  6330 | D:7      | Found a sparkling altar of Nemelex Xobeh.
  6382 | D:7      | Found a basalt altar of Yredelemnul.
  6385 | D:7      | Noticed a profane servitor
  6388 | D:7      | Found a glowing golden altar of the Shining One.
  6391 | D:7      | Noticed an angel
  6947 | D:8      | Identified the +0 pair of gloves of Sunlight {rElec} (You
                  | found it on level 7 of the Dungeon)
  6957 | D:8      | Identified the +1 leather armour of Masochism {Str+3 Int+3}
                  | (You found it on level 4 of the Dungeon)
  7072 | D:8      | Got a pair of warped boots
  8036 | D:9      | Found a staircase to the Orcish Mines.
  8506 | D:9      | Received a gift from Trog
  8607 | D:9      | Noticed a lindwurm
  8607 | D:9      | Noticed a lindwurm
  8608 | D:9      | Noticed a lindwurm
  8609 | D:9      | Noticed a lindwurm
  8635 | D:9      | Identified the +0 pair of boots "Lian Rue" {Str-4 Int+4
                  | Slay+5} (You found it on level 8 of the Dungeon)
  9097 | D:9      | Killed a lindwurm
  9102 | D:9      | Killed a lindwurm
  9105 | D:9      | Killed a lindwurm
  9106 | D:9      | Reached skill level 9 in Axes
  9453 | D:10     | Entered Level 10 of the Dungeon
  9751 | D:10     | Noticed a two-headed ogre
  9774 | D:10     | Killed a two-headed ogre
 10144 | D:10     | Reached XP level 11. HP: 97/97 MP: 10/10
 10347 | D:10     | Found a staircase to the Lair.
 10362 | D:10     | Reached skill level 5 in Evocations
 10710 | D:10     | Noticed Maurice
 10724 | D:10     | Killed Maurice
 12306 | D:11     | Noticed a green ugly thing
 12320 | D:11     | Noticed a white ugly thing
 12336 | D:11     | Killed a white ugly thing
 12345 | D:11     | Killed a purple ugly thing
 12724 | D:11     | Reached skill level 10 in Axes
 12933 | D:11     | Noticed a boulder beetle
 12963 | D:11     | Mangled by a boulder beetle

Illustrated notes

Levels and vault maps discovered:
D:1:      onia_arrival_zoo_common, layout_rooms, chequers_serial_rivers_large_a
D:2:      layout_loops_ring, pdpol_temple_overflow_zin_treasury_gozag_greed,
          serial_bayou, serial_bayou_shore_b, serial_bayou_pond_c,
          serial_bayou_lagoon_a, serial_bayou_pond_a, uniq_terence
D:3:      layout_basic, nicolae_overflow_hidden_temple, portal_sewer_entry_d,
          uniq_crazy_yiuf_cottage, uniq_jessica, uniq_sigmund, uniq_ijyb
D:4:      layout_gridville, lemuel_round_altar, temple_hall, uniq_pikel
D:5:      layout_loops_ring, grunt_temple_overflow_open,
          chequers_temple_overflow_statue_of_worship,
          hangedman_decor_clover_reticule
D:6:      layout_loops_corners, gup_ossuary_entry_pyramid, minmay_misc_feat_tiny
D:7:      layout_basic, grunt_temple_overflow_holy_war, trog_ov_bears_minmay,
          marbit_many_paths
D:8:      layout_basic, serial_aquarium, aquarium_bridge_straight
          [aquarium_subvault_bridge, aquarium_subvault_balcony,
          aquarium_subvault_bridge, aquarium_subvault_balcony],
          aquarium_window_1, aquarium_window_fake, aquarium_window_2,
          aquarium_view_2e, aquarium_pool_four
D:9:      layout_irregular_city, zombieorc2_lemuel, minmay_lindwurm_lava
D:10:     layout_irregular_city, grunt_lair_entry_orc_guard_hut, uniq_maurice
D:11:     layout_stronghold, serial_glass, glass_columns_a, glass_columns_a

Skill      XL: |  1  2  3  4  5  6  7  8  9 10 11 |
---------------+----------------------------------+-----
Axes           | 4 5 6 7 8 9 10 | 10.0
Fighting       | 4 5 6 7 8 9 |  9.9
Armour         | 3 4 5 6 7 9 |  9.6
Dodging        | 3 4 5 6 7 8 |  8.9
Shields        | 1 2 4 5 6 8 |  8.9
Evocations     | 2 3 4 5 |  5.5

Action                   |  1- 3 |  4- 6 |  7- 9 | 10-12 || total
-------------------------+-------+-------+-------+-------++-------
Melee: Hand axe          |    63 |   132 |   223 |       ||   418
       Headbutt          |     6 |    20 |    66 |    98 ||   190
       Unarmed           |       |     1 |       |       ||     1
       Broad axe         |       |       |    89 |   431 ||   520
Invok: Berserk           |     1 |       |       |     3 ||     4
       Trog's Hand       |       |     1 |     3 |     5 ||     9
       Brothers in Arms  |       |       |       |     1 ||     1
  Use: Scroll            |       |       |       |    13 ||    13
       Potion            |       |       |       |     1 ||     1
Armor: Animal skin       |    16 |       |       |       ||    16
       Chain mail        |       |    84 |   124 |   202 ||   410
Dodge: Dodged            |    59 |    31 |    66 |   171 ||   327
Block: Kite shield       |       |    49 |   127 |   242 ||   418
